Map: NeoHumanity LE

Players

ePhoenix - Winner!

  • Race: Protoss Protoss
  • League: Silver
  • Spawn Location: 11:00

winzboy

  • Race: Protoss Protoss
  • League: Gold
  • Spawn Location: 5:00

VOD

Have the link to the VOD?

Description

Time

  • Played on: May 24, 2023, 4:04 a.m.
  • Length: 4:48
Show
View Real Time Build Order
Export as new Build Order

ePhoenix Protoss - Winner!

Build Orders: 1 Gate Expand 

Get SALT Encoding   

  12  0:00  Probe  
  13  0:13  Probe  
  14  0:22  Pylon  
  14  0:25  Probe  
  15  0:40  Probe  
  16  0:43  Gateway  
  16  0:52  Probe  
  17  0:57  Assimilator  
  17  1:04  Probe  
  18  1:16  Probe  
  19  1:28  Probe, Assimilator  
  20  1:38  Nexus  
  20  1:41  Pylon  
  20  1:42  Probe  
  21  1:49  Cybernetics Core  
  21  1:55  Probe  
  22  2:07  Probe  
  22  2:08  Pylon  
  23  2:12  Gateway  
  23  2:19  Probe  
  23  2:21  Stalker  
  24  2:24  Warp Gate (Chrono Boost)  
  24  2:34  Probe  
  27  2:38  Assimilator  
  27  2:43  Shield Battery  
  27  2:46  Probe  
  28  2:52  Probe  
  29  3:04  Probe, Stalker x2 (Chrono Boost)  
  30  3:09  Probe  
  35  3:16  Probe  
  35  3:17  Gateway  
  36  3:24  Probe  
  37  3:28  Probe  
  37  3:31  Stalker  
  40  3:36  Pylon  
  40  3:38  Probe  
  41  3:43  Robotics Facility  
  41  3:50  Probe x2  
  41  3:55  Pylon  
  43  4:02  Probe  
  44  4:12  Stalker x2  
  48  4:30  Stalker  
  50  4:42  Stalker  
Show
View Real Time Build Order
Export as new Build Order

winzboy Protoss 

Build Orders: 1 Gate Expand 

Get SALT Encoding   

  12  0:01  Probe  
  14  0:14  Probe (Chrono Boost)  
  14  0:20  Pylon  
  14  0:27  Probe (Chrono Boost)  
  15  0:41  Gateway  
  16  0:42  Probe  
  16  0:55  Probe  
  17  1:01  Assimilator  
  17  1:07  Probe  
  18  1:19  Probe  
  19  1:31  Probe  
  20  1:33  Cybernetics Core  
  20  1:38  Nexus  
  20  1:44  Probe  
  21  1:56  Probe  
  22  2:01  Warp Gate  
  22  2:08  Probe  
  23  2:20  Pylon  
  23  2:36  Adept (Chrono Boost)  
  23  2:38  Probe  
  26  2:50  Probe  
  27  2:55  Probe  
  27  2:58  Stalker (Chrono Boost)  
  28  3:02  Probe  
  31  3:08  Probe  
  32  3:14  Probe  
  33  3:20  Probe  
  34  3:32  Robotics Facility  
  34  3:38  Pylon  
  34  3:40  Gateway  
  34  3:48  Robotics Facility  
  34  3:52  Probe x2  
  34  3:54  Assimilator  
  36  4:00  Assimilator  
  36  4:04  Probe  
  37  4:12  Stalker  
  39  4:20  Shield Battery  
Tags
 
Add a new tag
Caveats
  • Supply blocks, unpowered buildings, or Contaminate may cause inaccurate times.
  • Supply counts are checked every 10 seconds.